Match 46870696
Unlisted

Match 46870696
End
Construct Section Command Post
Infantry Section
Infantry Section
Selects Heavy Armor Battlegroup
Infantry Section
Construct Platoon Command Post
Humber Armored Car
Infantry Section
Selects Engineer Detachments
Grenade Package
6-pounder Anti-tank Gun Team
Construct Field Infirmary
Unlock M3 Stuart Light Tanks
Selects Light Vehicle Withdraw and Refit
Selects Radio Net
M3 Stuart Light Tank
M3 Stuart Light Tank
crywo1f
Luka1
OperationBrewStorm
Json
Marcus
X k X
0
0

Comments sign in to comment!

No comments posted yet!